 Dungeon Crawl Stone Soup version 0.30-a0-897-ga2f19c967e (webtiles) character file.

Game seed: 18105727787702991727

200 112233 the Magician (level 5, -1/36 HPs)
             Began as an Octopode Earth Elementalist on Mar 18, 2023.
             Slain by a sleepcap (8 damage)
             ... on level 5 of the Dungeon.
             The game lasted 00:02:24 (3003 turns).

112233 the Magician (Octopode Earth Elementalist)   Turns: 3003, Time: 00:02:25

Health: -1/36      AC:  1    Str:  8    XL:     5   Next: 79%
Magic:  11/11      EV: 13    Int: 19    God:
Gold:   226        SH:  0    Dex: 12    Spells: 6/12 levels left

rFire   . . .      SeeInvis +    f - +1 short sword (speed)
rCold   . . .      Faith    .    (no shield)
rNeg    . . .      Spirit   .    (helmet restricted)
rPois   .          Reflect  .    d - amulet of the acrobat
rElec   .          Rampage  .    k - ring of see invisible
rCorr   .                        c - ring of wizardry
Will    .....                    (no ring)
Stlth   +++                      (no ring)
HPRegen 0.00/turn                (no ring)
MPRegen 0.12/turn                (no ring)
                                 (no ring)
                                 (no ring)

@: very slightly contaminated, inhibited regen
A: almost no armour, amphibious, 8 rings, camouflage 1, gelatinous body 1,
(nimble swimmer 1), tentacles, robust 1, inhibited regeneration
a: no special abilities


You were on level 5 of the Dungeon.
You visited 1 branch of the dungeon, and saw 5 of its levels.

You collected 226 gold pieces.

Inventory:

Hand Weapons
 f - a +1 short sword of speed (weapon)
 l - a +2 dagger of venom
Jewellery
 c - a ring of wizardry (right tentacle)
 d - an amulet of the acrobat (around mantle)
 k - a ring of see invisible (left tentacle)
Wands
 i - a wand of digging (6)
 j - a wand of flame (17)
Scrolls
 b - a scroll of vulnerability
 e - a scroll of poison
 g - a scroll of noise
 h - a scroll of enchant armour
 m - a scroll of identify
 o - a scroll of torment {unknown}


   Skills:
 + Level 1.1 Fighting
 + Level 2.4 Dodging
 - Level 2.8 Stealth
 * Level 4.3 Spellcasting
 + Level 1.1 Conjurations
 - Level 1.0 Transmutations
 * Level 3.6 Earth Magic


You had 6 spell levels left.
You knew the following spells:

 Your Spells              Type           Power      Damage    Failure   Level
a - Sandblast             Erth           36%        2d10      1%          1
b - Stone Arrow           Conj/Erth      26%        3d8       6%          3
c - Passwall              Tmut/Erth      10%        N/A       3%          2

Your spell library contained the following spells:

 Spells                   Type           Power      Damage    Failure   Level
 Kiss of Death            Conj/Necr      24%        2d7       4%          1
 Confusing Touch          Hex            4%         N/A       16%         3
 Petrify                  Tmut/Erth      13%        N/A       21%         4
 Dispel Undead            Necr           4%         3d7       45%         4
 Iskenderun's Battlesphe  Conj           8%         2d6       65%         5
 Iron Shot                Conj/Erth      6%         9d2       95%         6
 Spellforged Servitor     Conj/Summ      3%         N/A       100%        7


Dungeon Overview and Level Annotations

Branches:
Dungeon (5/15)
 Temple: D:4-7

Altars:

Annotations:
D:4 Sigmund


Innate Abilities, Weirdness & Mutations

You cannot wear most types of armour.
You are amphibious.
You can wear up to eight rings at the same time.
Your skin changes colour to match your surroundings (Stealth+).
Your rubbery body absorbs attacks. (AC +1, EV +1)
((You are camouflaged when in or above water. (Stealth+)))
You have tentacles for arms and can constrict up to eight enemies at once.
You are robust. (+10% HP)
You do not regenerate when monsters are visible.


Message History

A sleepcap comes into view.
A sleepcap is nearby!
A sleepcap is nearby!
An orc priest and 2 orcs come into view.
Casting: Stone Arrow (dangerous; 6% risk of failure)
Confirm with . or Enter, or press ? or * to list all spells.
Aiming: Sandblast (safe; 1% risk of failure)
Press: ? - help, Shift-Dir - straight line, f - sleepcap
Aim: a sleepcap (100% to hit)
The blast of sand hits the sleepcap but does no damage.
Unknown command.
Casting: Sandblast (safe; 1% risk of failure)
Confirm with . or Enter, or press ? or * to list all spells.
Aiming: Sandblast (safe; 1% risk of failure)
Press: ? - help, Shift-Dir - straight line, f/p - sleepcap
Aim: a sleepcap (100% to hit)
The blast of sand hits the sleepcap.
The sleepcap is moderately damaged.
The sleepcap releases spores at you.
Unknown command.
Casting: Sandblast (safe; 1% risk of failure)
Confirm with . or Enter, or press ? or * to list all spells.
Aiming: Stone Arrow (dangerous; 6% risk of failure)
Press: ? - help, Shift-Dir - straight line, f/p - sleepcap
Aim: a sleepcap (moderately damaged, 100% to hit)
You miscast Stone Arrow.
You are very lightly contaminated with residual magic.
Nothing appears to happen.
The sleepcap barely misses you.
Unknown command.
Casting: Stone Arrow (dangerous; 6% risk of failure)
Confirm with . or Enter, or press ? or * to list all spells.
Aiming: Sandblast (safe; 1% risk of failure)
Press: ? - help, Shift-Dir - straight line, f/p - sleepcap
Aim: a sleepcap (moderately damaged, 100% to hit)
The blast of sand hits the sleepcap.
The sleepcap is moderately damaged.
The sleepcap releases spores at you!
* * * LOW HITPOINT WARNING * * *
Magic courses through your body. The sleepcap releases spores at you!
You die...

.# .oo##
o..####
.... #.##
#@.# #
##f##[#
##....#
#...#..#
#......#
#......#
#......#
#[.......
#.#.#.###.


You could see a sleepcap.

Vanquished Creatures
  Jessica (D:3)
  Natasha (D:4)
  An orc wizard (D:3)
  5 adders
  A white imp (D:3)
  A dart slug (D:3)
  4 orcs (D:3)
  5 ball pythons
  6 endoplasms
  2 giant cockroaches
  6 goblins
  6 hobgoblins
  6 quokkas
  7 bats
  4 frilled lizards
  4 kobolds
  7 rats
67 creatures vanquished.

Notes
Turn   | Place    | Note
-------+----------+-------------------------------------------
     0 | D:1      | 112233 the Octopode Earth Elementalist began the quest for
                  | the Orb.
     0 | D:1      | Reached XP level 1. HP: 11/11 MP: 3/3
   233 | D:1      | Reached XP level 2. HP: 17/17 MP: 3/5
   584 | D:1      | Reached skill level 3 in Spellcasting
   685 | D:1      | Reached XP level 3. HP: 21/21 MP: 5/7
  1566 | D:2      | Reached XP level 4. HP: 18/27 MP: 5/9
  1625 | D:2      | Learned a level 3 spell: Stone Arrow
  1751 | D:2      | Learned a level 2 spell: Passwall
  1924 | D:3      | Reached skill level 4 in Spellcasting
  2235 | D:3      | Reached XP level 5. HP: 32/32 MP: 7/11
  2326 | D:3      | Noticed Jessica
  2331 | D:3      | Killed Jessica
  2636 | D:3      | Reached skill level 1 in Fighting
  2636 | D:3      | Reached skill level 1 in Conjurations
  2912 | D:4      | Noticed Natasha
  2916 | D:4      | Killed Natasha
  2964 | D:4      | Noticed Sigmund
  2970 | D:4      | Gained mutation: You do not regenerate when monsters are
                  | visible. [potion of mutation]
  2970 | D:4      | Gained mutation: You are robust. (+10% HP) [potion of
                  | mutation]
  2980 | D:5      | Entered Level 5 of the Dungeon
  3003 | D:5      | Slain by a sleepcap

Illustrated notes

Levels and vault maps discovered:
D:1:      psy_arrival_fountain, layout_loops_ring
D:2:      layout_loops_ring
D:3:      layout_loops_cross, uniq_jessica
D:4:      layout_basic, gup_sewer_entry_spiral, serial_shops, kennysheep_mini,
          uniq_ijyb, uniq_duvessa, uniq_sigmund, uniq_natasha
D:5:      layout_basic, uniq_eustachio, uniq_edmund

Skill      XL: |  1  2  3  4  5 |
---------------+----------------+-----
Spellcasting   | 3 4 |  4.3
Fighting       | 1 |  1.1
Conjurations   | 1 |  1.1
Dodging        | |  2.4
Stealth        | |  2.8
Transmutations | |  1.0
Earth Magic    | |  3.6

Action                     |  1- 3 |  4- 6 || total
---------------------------+-------+-------++-------
  Melee: Unarmed           |     3 |       ||     3
         Constrict         |     2 |     1 ||     3
         Short sword       |       |     4 ||     4
   Cast: Sandblast         |    55 |    50 ||   105
         Stone Arrow       |       |     5 ||     5
    Use: Scroll            |       |     4 ||     4
         Potion            |       |     2 ||     2
 Armour: Skin              |     3 |     1 ||     4
  Dodge: Dodged            |    28 |    23 ||    51

Table legend: (Time is in decaauts)
 A = Elapsed time spent in this place.
 B = Non-inter-level travel time spent in this place.
 C = Inter-level travel time spent in this place.
 D = Time resting spent in this place.
 E = Time spent auto-exploring this place.
 F = Levels seen in this place.
 G = Mean time per level.
                   A        B        C        D        E       F      G
               +--------+--------+--------+--------+--------+-----+--------+
         Total |   3051 |   2930 |    121 |     13 |   2507 |   5 |  610.2 |
       Dungeon |   3051 |   2930 |    121 |     13 |   2507 |   5 |  610.2 |
               +--------+--------+--------+--------+--------+-----+--------+

Top non-repeatable levels by time:
     D:1: 1023 daAuts
     D:3: 991 daAuts
     D:2: 919 daAuts
     D:4: 93 daAuts
     D:5: 24 daAuts
